 Dungeon Sprint DCSS version 0.30-a0-457-g4b7bca3bfa (webtiles) character file.

Game seed: 471908039904516857

4700000 Joey1 the Axe Maniac (level 24, -6/249 HPs)
             Began as a Ghoul Warper on Dec 13, 2022.
             Was the Champion of Makhleb.
             Mangled by The Servant
             ... wielding a +9 glaive of flaming
              (30 damage)
             ... in the Dungeon (Sprint VIII: "Arena of Blood").
             The game lasted 00:03:29 (47 turns).

Joey1 the Axe Maniac (Ghoul Warper)                   Turns: 47, Time: 00:03:29

Health: -6/249     AC:  3    Str: 26    XL:     24   Next: 16%
Magic:  21/37      EV: 11    Int:  8    God:    Makhleb [******]
Gold:   0          SH:  0    Dex:  8    Spells: 26/26 levels left

rFire   . . .      SeeInvis .    h - +∞ Axe of Woe
rCold   + . .      Faith    .    (shield currently unavailable)
rNeg    + + +      Spirit   .    a - +0 leather armour
rPois   ∞          Reflect  .    (no helmet)
rElec   .          Harm     .    (no cloak)
rCorr   .          Rampage  .    (no gloves)
Will    +....      NoTele   +    (no boots)
Stlth   +++++++++.               (no amulet)
HPRegen 0.00/turn                (no ring)
MPRegen 0.25/turn                (no ring)

@: inhibited regen
A: claws 1, cold resistance 1, negative energy resistance 3, inhibited
regeneration, torment resistance 2, devour on kill
a: Renounce Religion, Minor Destruction, Lesser Servant of Makhleb, Major
Destruction, Greater Servant of Makhleb


You were in the Dungeon.
You worshipped Makhleb.
Makhleb was exalted by your worship.
You visited 1 branch

Inventory:

Hand Weapons
 h - the +∞ Axe of Woe (weapon)
   (You found it in the Dungeon)
Missiles
 c - 7 boomerangs of dispersal (quivered)
Armour
 a - a +0 leather armour (worn)
Scrolls
 b - 2 scrolls of blinking
Potions
 d - a potion of curing
 e - a potion of heal wounds
 f - a potion of haste
 g - 2 potions of magic


   Skills:
 O Level 27 Fighting
 + Level 18.8(21.8) Short Blades
 + Level 18.8(21.8) Long Blades
 O Level 27 Axes
 + Level 18.8(27) Maces & Flails
 + Level 18.8(27) Polearms
 + Level 18.8(24.3) Staves
 + Level 18.8 Ranged Weapons
 - Level 0.8 Throwing
 - Level 0.8 Armour
 - Level 1.7 Dodging
 O Level 27 Stealth
 + Level 18.8 Shields
 - Level 2.1 Unarmed Combat
 - Level 1.7 Spellcasting
 + Level 17.3 Conjurations
 + Level 17.3 Hexes
 + Level 19.7 Summonings
 + Level 20.3 Necromancy
 - Level 2.6 Translocations
 + Level 18.8 Transmutations
 + Level 17.3 Fire Magic
 + Level 21.9 Ice Magic
 + Level 17.3 Air Magic
 + Level 23.0 Earth Magic
 + Level 21.3 Poison Magic
 + Level 23.0 Invocations
 + Level 19.7 Evocations


You had 26 spell levels left.
You didn't know any spells.
Your spell library contained the following spells:

 Spells                   Type           Power      Damage    Failure   Level
 Vhi's Electric Charge    Tloc/Air       32%        N/A       1%          3
 Blink                    Tloc           10%        N/A       21%         2
 Lesser Beckoning         Tloc           10%        N/A       38%         3
 Teleport Other           Tloc           5%         N/A       38%         3
 Manifold Assault         Tloc           5%         N/A       80%         4


Dungeon Overview and Level Annotations

Branches:
Dungeon (1/1)

Altars:
Makhleb

Annotations:
D The Servant


Innate Abilities, Weirdness & Mutations

You are immune to poison.
You have sharp fingernails.
Your flesh is cold resistant. (rC+)
You are immune to negative energy. (rN+++)
You do not regenerate when monsters are visible.
You are immune to unholy pain and torment.
You thrive by killing the living.


Message History

Flame seeps out of the large bag of meat.
You fatally mangle the large bag of meat.
Makhleb accepts your kill.
You feel better.
You slice the meat berserker!!
You hew the meat berserker savagely.
You kill the meat berserker!
Makhleb accepts your kill.
You feel better.
You slice the bag of meat!!
You hew the bag of meat savagely.
You kill the bag of meat!
Makhleb accepts your kill.
You slash the destroyer!
You slaughter the destroyer joyfully.
You destroy the destroyer!
Makhleb accepts your kill.
You slash the large bag of meat!
Flame seeps out of the large bag of meat.
You pulverise the large bag of meat into a thin bloody mist.
Makhleb accepts your kill.
You hit the destroyer but do no damage.
You pulverise the destroyer into a thin bloody mist.
You destroy the destroyer!
Makhleb accepts your kill.
You hit the bag of meat but do no damage.
You pulverise the bag of meat into a thin bloody mist.
You kill the bag of meat!
Makhleb accepts your kill.
The large bag of meat explodes!
The fiery explosion engulfs the bag of meat!!!
The fiery explosion engulfs the bag of meat!!
The fiery explosion engulfs you!!!
The large bag of meat explodes!
The fiery explosion engulfs the bag of meat!!
The fiery explosion engulfs you!!
You are engulfed in blazing flames.
You hear a shout! x3
A sculptor of flesh comes into view. It is wielding a +9 great sword.
You hear a shout!
The Servant hits you from afar with a +9 glaive of flaming!!!!
Ouch! That really hurt!
* * * LOW HITPOINT WARNING * * *
The Servant burns you!!
You die...

............
...zO......
..z....o.oo
......oooo
#..§..OV# . .
#.o..Ooz# ...
..###...Vooo###....
......)###☼○)......
......)☼§§§@§.o.V..
.....#☼)☼o§#)......
... #_V<._#.@§.o..
. #).O..#.o....#
....o_......oo..
......###......ooo
.o###... ...###..o.
. #... ...# ...z
#o.. ..#


You could see The Servant, 4 destroyers, 4 sculptors of flesh, 3 large bags of
meat, a meat berserker (berserk) and 22 bags of meat.

Vanquished Creatures
  8 vampire knights (D)
  21 ogres (D)
  4 two-headed ogres (D)
  29 orcs (D)
  A skeletal warrior (D)
63 creatures vanquished.

Notes
Turn   | Place    | Note
-------+----------+-------------------------------------------
     0 | D        | Found the +∞ Axe of Woe
     0 | D        | Joey1 the Ghoul Warper began the quest for the Orb.
     0 | D        | Reached XP level 1. HP: 17/17 MP: 2/2
     3 | D        | Became a worshipper of Makhleb the Destroyer
     4 | D        | Noticed a bag of meat
     5 | D        | Noticed a meat berserker
     6 | D        | Noticed a bag of meat
     8 | D        | Killed a meat berserker
     8 | D        | Noticed a meat berserker
     9 | D        | Reached XP level 2. HP: 52/52 MP: 3/3
     9 | D        | Reached XP level 3. HP: 59/59 MP: 4/4
     9 | D        | Reached XP level 4. HP: 68/68 MP: 5/5
     9 | D        | Reached XP level 5. HP: 74/74 MP: 6/6
     9 | D        | Reached XP level 6. HP: 82/82 MP: 7/7
     9 | D        | Reached XP level 7. HP: 89/89 MP: 8/8
     9 | D        | Reached XP level 8. HP: 97/97 MP: 9/9
     9 | D        | Reached XP level 9. HP: 104/104 MP: 10/10
     9 | D        | Reached XP level 10. HP: 112/112 MP: 11/11
     9 | D        | Reached XP level 11. HP: 118/118 MP: 12/12
     9 | D        | Reached XP level 12. HP: 127/127 MP: 13/13
     9 | D        | Noticed a bag of meat
     9 | D        | Noticed a bag of meat
     9 | D        | Noticed a meat berserker
     9 | D        | Noticed a meat berserker
    10 | D        | Noticed a bag of meat
    11 | D        | Noticed a meat berserker
    13 | D        | Noticed a bag of meat
    13 | D        | Killed a meat berserker
    13 | D        | Reached * piety under Makhleb
    13 | D        | Killed a meat berserker
    13 | D        | Noticed a bag of meat
    14 | D        | Reached skill level 27 in Axes
    14 | D        | Reached XP level 13. HP: 150/150 MP: 14/14
    14 | D        | Reached XP level 14. HP: 159/159 MP: 15/15
    14 | D        | Killed a bag of meat
    14 | D        | Noticed a meat berserker
    15 | D        | Killed a meat berserker
    15 | D        | Reached ** piety under Makhleb
    15 | D        | Killed a meat berserker
    16 | D        | Reached skill level 27 in Fighting
    16 | D        | Reached XP level 15. HP: 174/174 MP: 16/16
    17 | D        | Reached skill level 5 in Necromancy
    17 | D        | Reached skill level 5 in Ice Magic
    17 | D        | Reached skill level 5 in Earth Magic
    17 | D        | Reached skill level 5 in Poison Magic
    17 | D        | Reached skill level 5 in Invocations
    18 | D        | Reached *** piety under Makhleb
    19 | D        | Reached skill level 5 in Conjurations
    19 | D        | Reached skill level 5 in Hexes
    19 | D        | Reached skill level 5 in Fire Magic
    19 | D        | Reached skill level 5 in Air Magic
    19 | D        | Reached XP level 16. HP: 183/183 MP: 16/20
    19 | D        | Noticed a meat berserker
    20 | D        | Killed a meat berserker
    20 | D        | Reached **** piety under Makhleb
    20 | D        | Noticed a meat berserker
    20 | D        | Noticed a meat berserker
    21 | D        | Reached XP level 17. HP: 191/191 MP: 16/22
    23 | D        | Reached skill level 10 in Stealth
    23 | D        | Killed a meat berserker
    23 | D        | Killed a meat berserker
    23 | D        | Reached ***** piety under Makhleb
    24 | D        | Reached skill level 10 in Necromancy
    24 | D        | Reached skill level 10 in Ice Magic
    24 | D        | Reached skill level 10 in Earth Magic
    24 | D        | Reached skill level 10 in Poison Magic
    24 | D        | Reached skill level 10 in Invocations
    24 | D        | Noticed a meat berserker
    25 | D        | Killed a meat berserker
    25 | D        | Noticed a large bag of meat
    26 | D        | Reached skill level 10 in Short Blades
    26 | D        | Reached skill level 10 in Long Blades
    26 | D        | Reached skill level 10 in Maces & Flails
    26 | D        | Reached skill level 10 in Polearms
    26 | D        | Reached skill level 10 in Staves
    26 | D        | Reached skill level 10 in Ranged Weapons
    26 | D        | Reached skill level 10 in Shields
    26 | D        | Reached skill level 10 in Summonings
    26 | D        | Reached skill level 10 in Transmutations
    26 | D        | Reached skill level 10 in Evocations
    26 | D        | Reached XP level 18. HP: 200/200 MP: 17/26
    26 | D        | Noticed a destroyer
    26 | D        | Killed a destroyer
    27 | D        | Noticed a large bag of meat
    27 | D        | Noticed a meat berserker
    27 | D        | Noticed a destroyer
    29 | D        | Killed a destroyer
    29 | D        | Noticed a meat berserker
    30 | D        | Reached skill level 10 in Conjurations
    30 | D        | Reached skill level 10 in Hexes
    30 | D        | Reached skill level 10 in Fire Magic
    30 | D        | Reached skill level 10 in Air Magic
    30 | D        | Reached XP level 19. HP: 207/207 MP: 17/28
    30 | D        | Noticed a sculptor of flesh
    31 | D        | Killed a large bag of meat
    31 | D        | Killed a meat berserker
    32 | D        | Reached skill level 15 in Stealth
    32 | D        | Killed a meat berserker
    32 | D        | Reached ****** piety under Makhleb
    33 | D        | Noticed a meat berserker
    34 | D        | Noticed a destroyer
    34 | D        | Noticed a sculptor of flesh
    34 | D        | Noticed a meat berserker
    35 | D        | Noticed a meat berserker
    35 | D        | Noticed a meat berserker
    35 | D        | Noticed a destroyer
    35 | D        | Noticed a meat berserker
    35 | D        | Noticed a meat berserker
    35 | D        | Noticed a destroyer
    35 | D        | Noticed The Servant
    36 | D        | Noticed a meat berserker
    36 | D        | Killed a destroyer
    36 | D        | Killed a meat berserker
    36 | D        | Noticed a destroyer
    36 | D        | Noticed a large bag of meat
    36 | D        | Noticed a destroyer
    37 | D        | Reached skill level 27 in Stealth
    37 | D        | Reached XP level 20. HP: 216/216 MP: 19/30
    37 | D        | Killed a destroyer
    37 | D        | Noticed a destroyer
    37 | D        | Noticed a large bag of meat
    37 | D        | Noticed a destroyer
    38 | D        | Reached skill level 15 in Necromancy
    38 | D        | Reached skill level 15 in Poison Magic
    38 | D        | Reached XP level 21. HP: 224/224 MP: 19/32
    38 | D        | Killed a meat berserker
    39 | D        | Reached skill level 15 in Summonings
    39 | D        | Reached skill level 15 in Evocations
    39 | D        | Killed a meat berserker
    40 | D        | Reached skill level 15 in Short Blades
    40 | D        | Reached skill level 15 in Long Blades
    40 | D        | Reached skill level 15 in Maces & Flails
    40 | D        | Reached skill level 15 in Polearms
    40 | D        | Reached skill level 15 in Staves
    40 | D        | Reached skill level 15 in Ranged Weapons
    40 | D        | Reached skill level 15 in Shields
    40 | D        | Reached skill level 15 in Transmutations
    40 | D        | Killed a large bag of meat
    40 | D        | Killed a meat berserker
    40 | D        | Noticed a meat berserker
    40 | D        | Noticed a large bag of meat
    40 | D        | Noticed a meat berserker
    41 | D        | Reached XP level 22. HP: 168/233 MP: 19/34
    41 | D        | Killed a destroyer
    42 | D        | Reached skill level 15 in Conjurations
    42 | D        | Reached skill level 15 in Hexes
    42 | D        | Reached skill level 15 in Fire Magic
    42 | D        | Reached skill level 15 in Air Magic
    42 | D        | Noticed a destroyer
    43 | D        | Reached XP level 23. HP: 228/240 MP: 20/36
    43 | D        | Noticed a large bag of meat
    43 | D        | Noticed a destroyer
    44 | D        | Killed a destroyer
    45 | D        | Noticed a destroyer
    46 | D        | Noticed a large bag of meat
    47 | D        | Reached XP level 24. HP: 200/249 MP: 21/37
    47 | D        | Killed a large bag of meat
    47 | D        | Killed a destroyer
    47 | D        | Killed a large bag of meat
    47 | D        | Killed a destroyer
    47 | D        | Mangled by The Servant

Illustrated notes

Levels and vault maps discovered:
D:        meatsprint

Skill      XL: |  1  2  3  4  5  6  7  8  9 10 11 12 13 14 15 16 17 18 19 20 21 22 23 |
---------------+----------------------------------------------------------------------+-----
Fighting       | 17 24 27 | 27.0
Axes           | 22 27 | 27.0
Short Blades   | 6 7 10 11 12 14 16 17 18 | 18.8
Long Blades    | 6 7 10 11 12 14 16 17 18 | 18.8
Maces & Flails | 6 7 10 11 12 14 16 17 18 | 18.8
Polearms       | 6 7 10 11 12 14 16 17 18 | 18.8
Staves         | 6 7 10 11 12 14 16 17 18 | 18.8
Ranged Weapons | 6 7 10 11 12 14 16 17 18 | 18.8
Stealth        | 8 9 13 14 27 | 27.0
Shields        | 6 7 10 11 12 14 16 17 18 | 18.8
Conjurations   | 5 6 9 10 11 13 14 15 17 | 17.3
Hexes          | 5 6 9 10 11 13 14 15 17 | 17.3
Summonings     | 6 7 10 11 12 14 16 18 19 | 19.7
Necromancy     | 6 8 11 12 13 15 17 18 20 | 20.3
Transmutations | 6 7 10 11 12 14 16 17 18 | 18.8
Fire Magic     | 5 6 9 10 11 13 14 15 17 | 17.3
Ice Magic      | 7 9 12 13 14 16 18 20 21 | 21.9
Air Magic      | 5 6 9 10 11 13 14 15 17 | 17.3
Earth Magic    | 7 9 12 13 14 17 19 21 23 | 23.0
Poison Magic   | 6 8 11 12 13 15 18 19 21 | 21.3
Invocations    | 7 9 12 13 14 17 19 21 23 | 23.0
Evocations     | 6 7 10 11 12 14 16 17 19 | 19.7
Throwing       | |  0.8
Armour         | |  0.8
Dodging        | |  1.7
Unarmed Combat | |  2.1
Spellcasting   | |  1.7
Translocations | |  2.6

Action                   |  1- 3 |  4- 6 |  7- 9 | 10-12 | 13-15 | 16-18 | 19-21 | 22-24 || total
-------------------------+-------+-------+-------+-------+-------+-------+-------+-------++-------
Melee: Executioner's axe |     1 |       |       |     1 |     4 |     7 |     7 |     5 ||    25

Table legend: (Time is in decaauts)
 A = Elapsed time spent in this place.
 B = Non-inter-level travel time spent in this place.
 C = Inter-level travel time spent in this place.
 D = Time resting spent in this place.
 E = Time spent auto-exploring this place.
 F = Levels seen in this place.
 G = Mean time per level.
                   A        B        C        D        E       F      G
               +--------+--------+--------+--------+--------+-----+--------+
         Total |     40 |     40 |      0 |      0 |      0 |   1 |   40.0 |
       Dungeon |     40 |     40 |      0 |      0 |      0 |   1 |   40.0 |
               +--------+--------+--------+--------+--------+-----+--------+

Top non-repeatable levels by time:
       D: 40 daAuts
